Map: [ESL] Dragon Scales

Players

Nina

  • Race: Protoss Protoss
  • Spawn Location: 11:00

eGGz - Winner!

  • Race: Zerg Zerg
  • Spawn Location: 5:00

Event: ESL SC2 Masters 2023 Summer (Regionals)

VOD

Have the link to the VOD?

Description

Time

  • Played on: May 13, 2023, 2:58 p.m.
  • Length: 14:41

All games in this series

Show
View Real Time Build Order
Export as new Build Order

Nina Protoss 

Build Orders: 1 Gate Expand, Oracle Opening 

Get SALT Encoding   

  12  0:00  Probe  
  13  0:12  Probe  
  14  0:19  Pylon  
  14  0:24  Probe  
  15  0:38  Probe (Chrono Boost), Gateway  
  16  0:46  Probe (Chrono Boost)  
  16  0:47  Assimilator  
  17  0:52  Probe  
  18  1:04  Probe  
  19  1:16  Probe  
  20  1:24  Nexus  
  20  1:35  Cybernetics Core  
  20  1:38  Probe  
  21  1:43  Assimilator  
  21  1:50  Probe  
  21  1:53  Pylon  
  22  2:02  Probe (Chrono Boost)  
  23  2:13  Probe (Chrono Boost)  
  23  2:14  Stargate  
  24  2:16  Adept  
  24  2:18  Probe (Chrono Boost)  
  27  2:25  Warp Gate  
  27  2:28  Probe (Chrono Boost)  
  29  2:38  Probe (Chrono Boost)  
  29  2:39  Probe (Chrono Boost)  
  30  2:46  Probe (Chrono Boost), Adept  
  30  2:49  Probe (Chrono Boost)  
  30  2:51  Probe (Chrono Boost)  
  34  2:57  Oracle (Chrono Boost)  
  38  2:59  Probe  
  38  3:03  Probe  
  40  3:11  Probe  
  41  3:15  Probe  
  42  3:21  Pylon  
  42  3:24  Probe  
  43  3:27  Probe  
  44  3:36  Nexus  
  44  3:37  Probe  
  44  3:38  Pylon  
  44  3:41  Probe, Oracle (Chrono Boost)  
  49  3:52  Gateway  
  49  3:53  Probe  
  49  3:54  Probe  
  51  3:57  Shield Battery  
  50  4:05  Probe  
  50  4:06  Probe  
  50  4:08  Assimilator  
  52  4:10  Assimilator  
  52  4:12  Twilight Council  
  52  4:18  Probe x2 (Chrono Boost), Shield Battery  
  52  4:21  Oracle  
  57  4:26  Stalker  
  61  4:31  Probe (Chrono Boost)  
  61  4:35  Probe (Chrono Boost)  
  61  4:36  Pylon  
  61  4:39  Gateway  
  61  4:40  Probe (Chrono Boost)  
  62  4:47  Blink (Chrono Boost)  
  62  4:50  Probe x2 (Chrono Boost)  
  62  4:52  Probe (Chrono Boost)  
  65  4:55  Stalker  
  68  5:00  Probe (Chrono Boost), Stalker  
  68  5:02  Probe (Chrono Boost)  
  68  5:03  Probe (Chrono Boost)  
  68  5:05  Probe (Chrono Boost)  
  72  5:09  Probe  
  72  5:13  Probe, Forge  
  75  5:16  Oracle  
  75  5:17  Probe  
  79  5:24  Probe  
  79  5:25  Probe  
  79  5:28  Stalker  
  83  5:29  Pylon  
  83  5:30  Stalker  
  85  5:41  Pylon  
  85  5:44  Protoss Ground Weapons Level 1 (Chrono Boost)  
  85  5:47  Probe x3  
  85  5:48  Pylon  
  88  5:50  Pylon  
  88  5:53  Pylon  
  88  5:57  Stalker x2  
  88  5:59  Probe x3  
  88  6:00  Assimilator x2  
  95  6:05  Templar Archives  
  95  6:11  Probe  
  95  6:17  Gateway  
  95  6:18  Gateway x2  
  96  6:21  Stalker x3  
  98  6:35  Probe  
  98  6:36  Shield Battery  
  87  6:43  Shield Battery  
  87  6:44  Shield Battery  
  86  6:47  Sentry  
  86  6:48  Stalker x2  
  86  6:50  Shield Battery  
  86  6:51  Pylon, Psionic Storm  
  86  6:52  Pylon  
  88  6:56  Shield Battery  
  88  7:02  Gateway  
  88  7:03  Pylon  
  88  7:06  Pylon  
  88  7:11  Sentry  
  88  7:13  Stalker x2  
  94  7:16  High Templar  
  94  7:21  Stalker  
  98  7:35  High Templar  
  100  7:42  Zealot x2  
  100  7:43  Zealot  
  105  7:54  High Templar  
  105  7:56  Stalker  
  109  7:58  Pylon x2  
  109  8:06  Stalker  
  109  8:07  Stalker x2  
  115  8:12  Stalker  
  117  8:27  Stalker x2  
  121  8:39  Pylon  
  121  8:43  Stalker x4  
  129  8:57  High Templar  
  131  9:06  Nexus  
  131  9:09  Stalker x4  
  138  9:17  Pylon  
  138  9:18  Pylon x2  
  138  9:31  Zealot, High Templar  
  139  9:39  Zealot x3  
  139  9:43  Stalker  
  137  10:02  High Templar  
  137  10:07  Stalker x3  
  145  10:20  Nexus  
  145  10:24  Pylon  
  145  10:28  High Templar x2  
  145  10:31  Gateway  
  149  10:41  Charge  
  149  10:48  Shield Battery  
  149  10:49  Photon Cannon  
  149  10:51  Photon Cannon  
  149  10:53  Zealot x4  
  141  11:23  Zealot x3  
  141  11:24  Zealot x3  
  153  11:35  High Templar  
  147  11:55  Pylon  
  147  11:57  High Templar x2  
  151  12:04  Zealot  
  151  12:05  Zealot x3  
  151  12:07  Pylon  
  151  12:08  Pylon  
  132  12:23  High Templar  
  132  12:28  Nexus  
  134  12:33  High Templar x3  
  140  12:37  Photon Cannon, Shield Battery  
  140  12:40  Pylon  
  138  12:47  Zealot  
  112  12:58  Stalker x3  
  118  13:06  Stalker  
  118  13:07  Stalker x3  
  122  13:22  Stalker x3  
  126  13:34  Stalker x3  
  130  13:48  Zealot, Stalker x2  
  100  14:03  Zealot x3  
  106  14:13  Zealot x2  
  104  14:23  High Templar  
Show
View Real Time Build Order
Export as new Build Order

eGGz Zerg - Winner!

Build Orders: Hatch First, Lurkers 

Get SALT Encoding   

  12  0:00  Drone  
  13  0:13  Overlord  
  13  0:16  Drone  
  14  0:31  Drone  
  14  0:32  Drone  
  16  0:48  Hatchery  
  15  0:51  Drone  
  15  0:55  Drone  
  17  0:57  Drone  
  18  1:09  Extractor  
  17  1:16  Drone, Spawning Pool  
  17  1:20  Drone  
  18  1:28  Drone  
  19  1:41  Drone  
  20  1:52  Overlord  
  20  2:01  Drone x2  
  22  2:03  Queen x2  
  26  2:11  Zergling x4  
  26  2:15  Metabolic Boost  
  28  2:22  Drone  
  29  2:25  Overlord  
  29  2:32  Drone  
  29  2:34  Drone  
  31  2:46  Drone  
  31  2:47  Hatchery  
  31  2:49  Queen  
  33  2:52  Drone  
  33  2:58  Queen  
  34  3:00  Drone  
  34  3:03  Drone  
  38  3:06  Zergling x2  
  38  3:07  Zergling x2  
  40  3:13  Overlord  
  40  3:18  Drone  
  40  3:19  Drone x3  
  44  3:33  Drone  
  44  3:34  Drone x2, Roach Warren  
  47  3:40  Queen  
  48  3:43  Drone  
  48  3:45  Queen  
  50  3:51  Drone x2  
  50  3:53  Overlord  
  51  4:02  Drone x5  
  54  4:09  Extractor  
  53  4:11  Zergling x4  
  55  4:23  Lair, Spore Crawler  
  54  4:26  Drone x2  
  54  4:27  Drone x3  
  59  4:31  Drone x2  
  59  4:34  Overlord  
  59  4:37  Overlord  
  60  4:38  Drone x2  
  60  4:42  Overlord  
  60  4:44  Overlord  
  60  4:48  Overlord  
  60  4:49  Zergling x2  
  60  4:51  Overlord  
  61  4:59  Roach x3  
  67  5:01  Pneumatized Carapace  
  67  5:06  Spore Crawler  
  66  5:07  Drone x2  
  66  5:11  Drone x3  
  71  5:14  Overlord  
  71  5:16  Roach  
  71  5:21  Roach x2  
  77  5:27  Roach, Zergling x8  
  83  5:39  Ravager  
  83  5:40  Zergling x20  
  94  5:44  Drone  
  94  5:45  Drone  
  94  5:46  Evolution Chamber  
  94  5:47  Zergling x4  
  96  5:50  Zergling x2  
  97  5:57  Ravager x2  
  97  5:58  Zergling x4  
  97  5:59  Queen x2  
  105  6:06  Zergling x12  
  108  6:15  Zergling x8  
  108  6:16  Queen  
  113  6:27  Zergling x2  
  113  6:30  Zergling x4  
  110  6:34  Zergling x4  
  110  6:35  Queen  
  110  6:37  Zerg Missile Weapons Level 1  
  110  6:38  Drone x2, Hydralisk Den  
  111  6:46  Drone x4  
  113  6:54  Extractor, Infestation Pit  
  110  6:55  Extractor, Drone  
  110  6:56  Drone  
  110  6:58  Drone x2, Extractor  
  110  6:59  Extractor  
  110  7:00  Drone  
  112  7:02  Hatchery  
  111  7:11  Grooved Spines  
  111  7:12  Drone x3  
  114  7:18  Overlord x6  
  114  7:21  Spore Crawler  
  113  7:25  Spine Crawler  
  112  7:33  Hive  
  112  7:35  Drone x2  
  114  7:38  Drone x7  
  114  7:43  Hydralisk x2  
  124  7:59  Hydralisk x4  
  124  8:00  Hydralisk  
  124  8:05  Drone x3  
  137  8:10  Overlord  
  138  8:20  Zergling x12, Lurker Den  
  138  8:22  Drone  
  138  8:23  Muscular Augments  
  138  8:25  Extractor  
  142  8:27  Overlord  
  142  8:29  Overlord  
  142  8:33  Hydralisk x5  
  143  8:34  Zergling x2  
  143  8:40  Zerg Missile Weapons Level 2  
  148  8:55  Drone x5  
  153  8:56  Hydralisk x5  
  163  9:06  Overlord x5  
  162  9:21  Seismic Spines  
  162  9:25  Lurker  
  162  9:26  Lurker  
  162  9:28  Lurker  
  162  9:29  Zergling x10  
  168  9:33  Hatchery  
  166  9:44  Lurker  
  149  9:58  Lurker  
  143  10:06  Hydralisk x6  
  143  10:07  Hydralisk x2  
  157  10:14  Zergling x22  
  157  10:15  Zergling x10  
  157  10:18  Adaptive Talons  
  173  10:23  Lurker  
  173  10:24  Overseer  
  174  10:29  Hydralisk x4  
  182  10:37  Lurker  
  182  10:39  Extractor  
  182  10:41  Extractor, Hydralisk  
  183  10:53  Hydralisk x4  
  183  10:57  Drone x2  
  180  11:12  Overlord  
  168  11:19  Hydralisk  
  168  11:20  Hydralisk x8  
  184  11:33  Zergling x12  
  190  11:43  Hatchery  
  190  11:46  Hydralisk x5  
  188  12:00  Lurker x4  
  182  12:19  Hydralisk  
  182  12:20  Hydralisk x8  
  181  12:28  Drone x2  
  181  12:29  Drone  
  184  12:34  Lurker x2  
  184  12:35  Zergling x2  
  184  12:36  Zergling x10  
  191  12:41  Overlord  
  183  12:52  Hydralisk x4  
  179  12:59  Lurker x3  
  179  13:00  Roach x4, Zergling x6  
  179  13:01  Zergling x2  
  179  13:02  Queen x2  
  195  13:10  Lurker  
  195  13:11  Lurker  
  197  13:13  Roach  
  197  13:14  Zergling x2  
  187  13:21  Overseer  
  187  13:24  Lurker  
  185  13:33  Hydralisk  
  185  13:34  Hydralisk x3  
  185  13:43  Roach x9  
  185  13:46  Zergling x10  
  178  13:57  Hydralisk x6  
  190  14:07  Hydralisk x4  
  190  14:14  Hydralisk x3  
Tags
 
Add a new tag
Caveats
  • Supply blocks, unpowered buildings, or Contaminate may cause inaccurate times.
  • Supply counts are checked every 10 seconds.